 Dungeon Crawl Stone Soup version 0.31.0-1-g2c135a0 (webtiles) character file.

Game seed: 18074280836182650914

48888 Minorbread the Bludgeoner (level 14, -3/162 HPs)
             Began as an Oni Gladiator on Feb 21, 2024.
             Was an Initiate of Gozag.
             Slain by a seven-headed hydra (7 damage)
             ... on level 4 of the Lair of Beasts on Apr 6, 2024.
             The game lasted 00:48:52 (18765 turns).

Minorbread the Bludgeoner (Oni Gladiator)          Turns: 18765, Time: 00:48:53

Health: -3/162     AC:  6    Str: 25    XL:     14   Next: 48%
Magic:  14/14      EV: 11    Int:  9    God:    Gozag
Gold:   3238       SH:  0    Dex: 10    Spells: 13/13 levels left

rFire   + . .        F - +0 giant spiked club
rCold   . . .        (shield currently unavailable)
rNeg    . . .        b - +0 robe
rPois   .            c - +0 hat
rElec   +            z - +0 cloak
rCorr   .            (gloves unavailable)
SInv    .            (boots unavailable)
Will    +....        B - amulet of regeneration
Stlth   +            Y - ring of protection from fire
HPRegen 1.27/turn    (no ring)
MPRegen 0.14/turn

%: no passive effects
@: about to teleport, gold aura
A: large, unfitting armour, horns 1, tough skin 1, double potion healing,
drunken brawling, claws 1, iridescent scales 1, electricity resistance,
MP-powered wands
a: Renounce Religion, Potion Petition, Call Merchant, Bribe Branch


You were on level 4 of the Lair of Beasts.
You worshipped Gozag.
Gozag was most pleased with you.
You visited 3 branches of the dungeon, and saw 16 of its levels.
You also visited: Bailey.

You collected 4394 gold pieces.
You spent 210 gold pieces at shops.
You paid 946 gold pieces to Gozag.

Inventory:

Hand Weapons
 C - a +0 dire flail
 F - a +0 giant spiked club (weapon)
Missiles
 d - 3 throwing nets (quivered)
 e - 8 large rocks
 D - 4 curare-tipped darts
Armour
 b - a +0 robe (worn)
 c - a +0 hat (worn)
 z - a +0 cloak (worn)
Jewellery
 h - a ring of magical power
 u - an amulet of reflection
 B - an amulet of regeneration (around neck)
 I - a ring of fire
 U - a ring of ice
 Y - a ring of protection from fire (left claw)
Wands
 s - a wand of flame (20)
 E - a wand of acid (13)
 J - a wand of roots (5)
 P - a wand of digging (6)
 Q - a wand of mindburst (2)
 S - a wand of paralysis (3)
 W - a wand of polymorph (7)
Scrolls
 a - 2 scrolls of vulnerability
 i - 4 scrolls of amnesia
 j - a scroll of fear
 n - a scroll of acquirement {unknown}
 o - 3 scrolls of fog
 r - 2 scrolls of enchant armour
 v - 2 scrolls of revelation
 w - 3 scrolls of poison
 x - 11 scrolls of teleportation
 y - 2 scrolls of enchant weapon
 G - a scroll of torment {unknown}
 K - a scroll of noise {unknown}
 L - a scroll of immolation {unknown}
 O - 3 scrolls of brand weapon
 R - a scroll of blinking
 V - 2 scrolls of silence
Potions
 f - a potion of magic {unknown}
 g - 5 potions of might
 k - 5 potions of curing
 l - 2 potions of brilliance {unknown}
 m - a potion of heal wounds {unknown}
 p - a potion of ambrosia {unknown}
 q - 3 potions of lignification
 t - a potion of mutation
 A - 2 potions of enlightenment {unknown}
 H - 3 potions of berserk rage {unknown}
 M - 2 potions of degeneration {unknown}
 N - 3 potions of invisibility {unknown}
 T - a potion of haste {unknown}
 X - a potion of resistance {unknown}
Miscellaneous
 Z - a lightning rod (4/4)


   Skills:
 - Level 16.0 Fighting
 + Level 19.3 Maces & Flails
 + Level 7.9 Throwing
 - Level 5.0 Dodging
 - Level 0.7 Stealth


You had 13 spell levels left.
You didn't know any spells.
Your spell library contained the following spells:

 Spells                   Type           Power      Damage    Failure   Level
 Ignite Poison            Fire/Alch      0%         N/A       99%         4
 Sticky Flame             Fire/Alch      0%         2d4       99%         4
 Ignition                 Fire           0%         3d3       100%        8


Dungeon Overview and Level Annotations

Branches:
Dungeon (11/15)            Temple (1/1) D:4            Lair (4/5) D:9
 Shoals (0/4) Lair:3       Spider (0/4) Lair:2        Slime (0/5) Lair:4
    Orc (0/2) D:9          Bailey (visited)

Altars:
Ashenzari
Cheibriados
Dithmenos
Elyvilon
Fedhas
Gozag
Hepliaklqana
Kikubaaqudgha
Makhleb
Nemelex Xobeh
Okawaru
Qazlal
Ru
Sif Muna
Trog
Uskayaw
Vehumet
Wu Jian
Xom
Yredelemnul
Zin
The Shining One

Shops:
D:4 (   D:6 =   D:8 (   D:11 ?


Innate Abilities, Weirdness & Mutations

You are too large for most types of armour.
You have a pair of small horns on your head.
You have tough skin. (AC +1)
You gain doubled healing and magic from potions.
Whenever you drink a healing potion, you attack all around you.
You have sharp fingernails.
You are partially covered in iridescent scales. (AC +2)
You are resistant to electric shocks. (rElec)
You expend magic power (3 MP) to strengthen your wands.


Message History

The seven-headed hydra completely misses you.
The seven-headed hydra barely misses you.
The seven-headed hydra bites you! The seven-headed hydra bites you.
The seven-headed hydra bites you! The seven-headed hydra bites you.
The seven-headed hydra bites you!
The komodo dragon moves out of view.
As you read the scroll of teleportation, it crumbles to dust.
You feel strangely unstable. The water moccasin bites you.
The seven-headed hydra closely misses you.
The seven-headed hydra bites you. The seven-headed hydra bites you!
The seven-headed hydra bites you but does no damage.
The seven-headed hydra bites you.
The seven-headed hydra closely misses you.
The seven-headed hydra bites you. The water moccasin closely misses you.
Press: ? - help, v - describe, . - travel
Here: a water moccasin The floor.
You completely miss the seven-headed hydra.
The seven-headed hydra bites you but does no damage.
The seven-headed hydra bites you! x2
* * * LOW HITPOINT WARNING * * *
The seven-headed hydra closely misses you.
The seven-headed hydra bites you!
* * * LOW HITPOINT WARNING * * *
The seven-headed hydra bites you but does no damage. x2
As you read the scroll of fear, it crumbles to dust.
You assume a fearsome visage.
The black mamba looks frightened!
The seven-headed hydra resists with almost no effort.
The death yak looks frightened!
The water moccasin looks frightened! x2
The seven-headed hydra barely misses you. x2
The seven-headed hydra bites you!
* * * LOW HITPOINT WARNING * * *
The seven-headed hydra bites you!
* * * LOW HITPOINT WARNING * * *
The seven-headed hydra bites you!
* * * LOW HITPOINT WARNING * * *
The seven-headed hydra bites you!
* * * LOW HITPOINT WARNING * * *
The seven-headed hydra bites you!
You die...
Your body crumbles into a pile of gold.

.................................
#.#.PP.....#.######.#####..###...
######......## .## #### ###.
#......## #. #.....#.# ##########
##. ##......###........## #..
##...####...S...$..## ##.
#P....##....S^......# ##.
##...##...@..S......## #..
#P...##..D##Y#####...# #..
###..##$..#..F. ##..## ##.
#..#..##... (.^ ##..# #P.
##.##.##..## ##ยง ##.###..
#..#..#..## #..###. ####.##..
##.##.. #. .. #.##.. #. #.###.


You could see a death yak (fleeing), a seven-headed hydra, a black mamba
(fleeing), a cane toad and 2 water moccasins.

Vanquished Creatures
  An orc warlord (Bailey)
  Snorg (D:11)
  Erica (D:11)
  2 hydras (Lair:2)
  A boulder beetle (Lair:4)
  2 two-headed ogres (D:8)
  A skyshark (Lair:1)
  A cyclops (D:11)
  12 elephants
  A torpor snail (Lair:1)
  14 cane toads
  A rime drake (Lair:4)
  Jeremiah (D:9)
  9 komodo dragons
  2 polar bears
  3 trolls
  2 hornets
  Grinder (D:4)
  12 blink frogs
  6 dream sheep
  A wraith (D:9)
  7 wyverns
  42 yaks
  3 basilisks
  Grum (D:8)
  2 redbacks (Lair:2)
  A warg (D:9)
  4 vampire mosquitoes (D:11)
  14 water moccasins
  3 ice beasts
  A swamp drake (D:9)
  9 orc warriors
  3 black bears
  2 ogres
  24 wolves
  6 centaurs
  A phantom (D:6)
  13 bullfrogs
  A gnoll sergeant (D:11)
  5 kobold brigands
  Blork the orc (D:4)
  2 scorpions (D:5)
  5 wights (D:7)
  12 killer bees
  2 electric eels (Lair:1)
  4 bombardier beetles (D:5)
  9 jellies
  2 lava snakes (D:7)
  2 quasits (D:4)
  8 orc priests
  4 hounds
  4 gnoll boudas
  3 iguanas
  3 sleepcaps
  9 orc wizards
  24 gnolls
  7 adders
  5 white imps
  4 ufetubi (D:5)
  2 ribbon worms
  6 dart slugs
  33 orcs
  8 endoplasms
  2 giant cockroaches
  10 goblins
  10 hobgoblins
  4 jackals (D:3)
  45 kobolds
  2 quokkas (D:1)
  10 ball pythons
  4 bats
  2 frilled lizards (D:2)
  6 rats
471 creatures vanquished.

Notes
Turn   | Place    | Note
-------+----------+-------------------------------------------
     0 | D:1      | Minorbread the Oni Gladiator began the quest for the Orb.
     0 | D:1      | Reached XP level 1. HP: 22/22 MP: 1/1
    64 | D:1      | You fall into a shaft and drop 1 floor!
   196 | D:1      | Reached XP level 2. HP: 24/31 MP: 2/2
   671 | D:1      | Found a radiant altar of Vehumet.
   729 | D:1      | Reached XP level 3. HP: 37/37 MP: 3/3
  1334 | D:2      | Reached skill level 4 in Maces & Flails
  1411 | D:2      | Reached XP level 4. HP: 44/48 MP: 4/4
  2198 | D:3      | Reached XP level 5. HP: 55/55 MP: 5/5
  2732 | D:4      | Found a broken altar of Ashenzari.
  2746 | D:4      | Reached skill level 5 in Fighting
  2746 | D:4      | Reached skill level 5 in Maces & Flails
  2912 | D:4      | Reached XP level 6. HP: 48/66 MP: 6/6
  2984 | D:4      | Noticed Blork the orc
  2993 | D:4      | Killed Blork the orc
  3095 | D:4      | Noticed a water moccasin
  3109 | D:4      | Killed a water moccasin
  3174 | D:4      | Noticed Grinder
  3191 | D:4      | Paralysed by Grinder for 4 turns
  3202 | D:4      | Killed Grinder
  3203 | D:4      | Reached skill level 6 in Maces & Flails
  3203 | D:4      | Reached XP level 7. HP: 58/78 MP: 7/7
  3420 | D:4      | Found Geicsy's Antique Weapon Shop.
  3550 | D:4      | Found a staircase to the Ecumenical Temple.
  3559 | Temple   | Found a transporter.
  3559 | Temple   | Found a transporter.
  3559 | Temple   | Found a transporter.
  3559 | Temple   | Found a transporter.
  3559 | Temple   | Entered the Ecumenical Temple
  3603 | Temple   | Became a worshipper of Gozag Ym Sagoz the Greedy
  3764 | D:5      | Entered Level 5 of the Dungeon
  4208 | D:5      | Gained mutation: You occasionally lose the ability to drink
                  | potions when taking damage. [potion of mutation]
  4208 | D:5      | Gained mutation: Your flesh is heat resistant. (rF+)
                  | [potion of mutation]
  4208 | D:5      | Gained mutation: You are robust. (+10% HP) [potion of
                  | mutation]
  4208 | D:5      | Gained mutation: You are resistant to electric shocks.
                  | (rElec) [potion of mutation]
  4211 | D:5      | Reached skill level 7 in Maces & Flails
  4211 | D:5      | Reached XP level 8. HP: 61/96 MP: 8/8
  4211 | D:5      | Lost mutation: You are robust. (+10% HP) [potion of
                  | mutation]
  4211 | D:5      | Lost mutation: Your flesh is heat resistant. (rF+) [potion
                  | of mutation]
  4211 | D:5      | Lost mutation: You occasionally lose the ability to drink
                  | potions when taking damage. [potion of mutation]
  4211 | D:5      | Gained mutation: You expend magic power (3 MP) to
                  | strengthen your wands. [potion of mutation]
  4211 | D:5      | Gained mutation: You have hidden genetic potential. [potion
                  | of mutation]
  5650 | D:6      | Reached skill level 8 in Maces & Flails
  5930 | D:6      | Reached skill level 10 in Fighting
  6138 | D:6      | Reached XP level 9. HP: 101/101 MP: 9/9
  6143 | D:6      | Gained mutation: You have sharp fingernails. [hidden
                  | potential]
  6165 | D:6      | Identified the +7 whip "Leviticus" {chaos, Dex+6 Stlth+}
  6254 | D:6      | Found Nucki's Jewellery Shop.
  6343 | D:6      | Reached skill level 9 in Maces & Flails
  7117 | D:7      | Reached skill level 10 in Maces & Flails
  7155 | D:7      | Noticed a hornet
  7166 | D:7      | Killed a hornet
  7403 | D:7      | Reached skill level 11 in Maces & Flails
  7554 | D:7      | Noticed a troll
  7557 | D:7      | Killed a troll
  7699 | D:7      | Reached XP level 10. HP: 91/110 MP: 10/10
  7733 | D:7      | Reached skill level 12 in Maces & Flails
  7744 | D:7      | Gained mutation: You are partially covered in iridescent
                  | scales. (AC +2) [hidden potential]
  7744 | D:7      | Lost mutation: You have hidden genetic potential. [hidden
                  | potential expressed]
  8416 | D:8      | Noticed a two-headed ogre
  8423 | D:8      | Killed a two-headed ogre
  8670 | D:8      | Noticed Grum
  8680 | D:8      | Killed Grum
  8799 | D:8      | Reached skill level 13 in Maces & Flails
  8891 | D:8      | Noticed a two-headed ogre
  8900 | D:8      | Killed a two-headed ogre
  8924 | D:8      | Found Ydghet's Hydra Hut.
  8926 | D:8      | Noticed an eight-headed hydra
  9287 | D:9      | Found a staircase to the Orcish Mines.
  9460 | D:9      | Reached XP level 11. HP: 70/123 MP: 11/11
 10064 | D:9      | Noticed Jeremiah
 10071 | D:9      | Killed Jeremiah
 10072 | D:9      | Reached skill level 14 in Maces & Flails
 10283 | D:9      | Found a staircase to the Lair.
 10546 | D:10     | Entered Level 10 of the Dungeon
 10553 | D:10     | Found a shimmering altar of Xom.
 10589 | D:10     | Found a sacrificial altar of Ru.
 10659 | D:10     | Found a bloodstained altar of Trog.
 10765 | D:10     | Found a flagged portal.
 10774 | Bailey   | Entered a bailey
 10784 | Bailey   | Noticed an orc warlord
 10892 | Bailey   | Found a runed translucent gate.
 10895 | Bailey   | Found a runed translucent gate.
 11000 | Bailey   | Found a runed translucent gate.
 11103 | Bailey   | Killed an orc warlord
 11198 | Bailey   | Reached skill level 15 in Fighting
 11198 | Bailey   | Reached skill level 15 in Maces & Flails
 11198 | Bailey   | Reached XP level 12. HP: 144/144 MP: 12/12
 11737 | D:10     | Found a burning altar of Makhleb.
 11737 | D:10     | Noticed an Executioner
 12000 | D:11     | Noticed Snorg
 12015 | D:11     | Killed Snorg
 12175 | D:11     | Identified the +0 robe "Oteng" {+Blink Int-5 SInv}
 12279 | D:11     | Reached skill level 16 in Maces & Flails
 12420 | D:11     | Noticed Erica
 12453 | D:11     | Killed Erica
 12716 | D:11     | Reached XP level 13. HP: 98/152 MP: 13/13
 12817 | D:11     | Found Biops's Magic Scroll Boutique.
 12820 | D:11     | Bought a scroll of teleportation for 36 gold pieces
 12820 | D:11     | Bought a scroll of teleportation for 36 gold pieces
 12820 | D:11     | Bought a scroll of identify for 24 gold pieces
 12820 | D:11     | Bought a scroll of blinking for 90 gold pieces
 12820 | D:11     | Bought a scroll of identify for 24 gold pieces
 13056 | Lair:1   | Entered Level 1 of the Lair of Beasts
 13278 | Lair:1   | Reached skill level 5 in Dodging
 13614 | Lair:1   | Reached skill level 17 in Maces & Flails
 15066 | Lair:2   | Reached skill level 18 in Maces & Flails
 15416 | Lair:2   | Found a hole to the Spider Nest.
 16020 | Lair:2   | Reached skill level 5 in Throwing
 16419 | Lair:2   | Reached XP level 14. HP: 104/162 MP: 14/14
 16931 | Lair:3   | Found a staircase to the Shoals.
 17327 | Lair:3   | Reached skill level 19 in Maces & Flails
 17964 | Lair:4   | Found a staircase to the Slime Pits.
 18765 | Lair:4   | HP: 4/162 [seven-headed hydra (7)]
 18765 | Lair:4   | Slain by a seven-headed hydra

Illustrated notes

Levels and vault maps discovered:
D:1:      dpeg_arrival_lava_altar, layout_loops_ring
D:2:      layout_loops_cross, minmay_shallow_snake_nest
D:3:      layout_basic, kennysheep_orc_chapel
D:4:      layout_rooms, mainiacjoe_overflow_concentric_impassable,
          lemuel_temple_firewalk_a, serial_demonic, serial_demonic_b,
          serial_demonic_d, serial_demonic_f, serial_demonic_c, serial_shops,
          nicolae_shop_overgrown_old_shop, kennysheep_another_room,
          kennysheep_generic_room_14, uniq_grinder, uniq_blork_the_orc
D:5:      layout_basic
D:6:      layout_gridville, serial_shops, shop
D:7:      statuecave_lemuel, layout_basic, kennysheep_big_empty_room
D:8:      layout_loops_corners, doesnt_shop_hydraphobe, uniq_grum
D:9:      layout_loops_ring, erik_lair_dragon, erik_orc_3, uniq_jeremiah
D:10:     layout_basic, lemuel_doored_altar, mainiacjoe_overflow_cross_hatched,
          mainiacjoe_overflow_catwalk, makhleb_altar_promises_db, enter_bailey_8
D:11:     minmay_blocky_corners, layout_loops_cross, serial_shops,
          nicolae_shop_behind_doors, kennysheep_potato, uniq_erica, uniq_snorg
Temple:   hellmonk_temple_divided_pantheon
Lair:1:   layout_cave_pods, serial_bayou_pond_b, serial_bayou_lake_a
Lair:2:   layout_small_grid, spider_nest_entry_webs, grunt_megastairs_2
Lair:3:   layout_cave_shapes, minmay_shoals_entry_centaurs, beast_lair_carwin_2
Lair:4:   layout_hall_layers, nicolae_slime_entry_field_trip,
          chequers_serial_rivers_small_a, nzn_random_ring

Skill      XL: |  1  2  3  4  5  6  7  8  9 10 11 12 13 14 |
---------------+-------------------------------------------+-----
Fighting       | 3 4 5 7 8 10 12 15 16 | 16.0
Maces & Flails | 4 5 6 7 8 11 13 15 16 18 19 | 19.3
Dodging        | 4 5 |  5.0
Throwing       | 5 7 |  7.9
Stealth        | |  0.7

Action                     |  1- 3 |  4- 6 |  7- 9 | 10-12 | 13-15 || total
---------------------------+-------+-------+-------+-------+-------++-------
  Melee: Flail             |   103 |   108 |       |       |       ||   211
         Headbutt          |    12 |    20 |    69 |    93 |    95 ||   289
         Punch             |     1 |       |     2 |       |       ||     3
         Mace              |       |    20 |   168 |       |       ||   188
         Dire flail        |       |       |    33 |   360 |       ||   393
         Whip              |       |       |   121 |    66 |       ||   187
         Giant spiked club |       |       |       |    92 |   529 ||   621
  Throw: Large rock        |       |       |     4 |     7 |       ||    11
         Dart              |       |       |       |     5 |       ||     5
         Throwing net      |       |       |       |     5 |       ||     5
 Invoke: Potion Petition   |       |       |       |       |     1 ||     1
  Evoke: Wand              |       |     9 |       |     4 |       ||    13
    Use: Scroll            |       |       |     7 |     3 |     9 ||    19
         Potion            |       |       |     5 |     4 |       ||     9
   Stab: Sleeping          |     4 |     2 |     4 |     1 |       ||    11
         Distracted        |       |       |     1 |     6 |     2 ||     9
         Held in net/web   |       |       |       |     1 |       ||     1
         Invisible         |       |       |       |       |     7 ||     7
 Armour: Robe              |    64 |   102 |   220 |   293 |   506 ||  1185
         Skin              |       |       |    19 |    31 |       ||    50
  Dodge: Dodged            |    72 |    66 |   129 |   160 |   272 ||   699
  Block: Other             |       |    18 |    53 |       |       ||    71
         Reflection        |       |     1 |       |       |       ||     1
